 Dungeon Crawl Stone Soup version 0.17-a0-377-gdd46233 (webtiles) character file.

21 Ryushun the Grave Robber (level 3, -2/24 HPs)
             Began as a Formicid Necromancer on Apr 1, 2015.
             Slain by a goblin
             ... wielding a +0 club
              (4 damage)
             ... on level 2 of the Dungeon.
             The game lasted 00:05:26 (1265 turns).

Ryushun the Grave Robber (Formicid Necromancer)     Turns: 1265, Time: 00:05:26

Health: -2/24      AC:  3    Str: 13    XL:     3   Next: 5%
Magic:  1/5        EV: 12    Int: 14    God:
Gold:   74         SH:  0    Dex: 11    Spells: 2 memorised, 4 levels left

rFire  . . .     SeeInvis +     o - +0 short sword
rCold  . . .     Clarity  .     e - +0 leather armour
rNeg   . . .     SustAb   .     (no shield)
rPois  .         Gourm    .     (helmet unavailable)
rElec  .         Spirit   .     (no cloak)
rCorr  .         Warding  .     (no gloves)
rMut   .         Stasis   +     (no boots)
MR     .....                    (no amulet)
Stlth  ++........               (no ring)
                                (no ring)

@: very slightly contaminated, not resistant to hostile enchantments, unstealthy
A: permanent stasis, dig shafts and tunnels, four strong arms, antennae 3
a: Dig, Shaft Self


You were on level 2 of the Dungeon.
You were not hungry.

You visited 1 branch of the dungeon, and saw 2 of its levels.

You collected 74 gold pieces.

Inventory:

Hand weapons
 n - a +0 dagger
 o - a +0 short sword (weapon)
 r - a +0 club
Missiles
 f - 46 stones (quivered)
 i - 11 poisoned needles
Armour
 a - a +0 robe
 e - a +0 leather armour (worn)
 h - a cursed +0 robe
 j - a +0 ring mail
Scrolls
 d - 3 scrolls of identify {unknown}
 g - a scroll of recharging {unknown}
 k - a scroll of teleportation {unknown}
 q - a scroll of remove curse {unknown}
 s - a scroll of noise {unknown}
Potions
 m - a potion of heal wounds {unknown}
 p - a potion of magic {unknown}
Books
 b - a book of Necromancy

   Spells                             Type                      Level
   a - Pain                           Necromancy                   1
   b - Animate Skeleton               Necromancy                   1
   c - Vampiric Draining              Necromancy                   3
   d - Regeneration                   Charms/Necromancy            3
   e - Animate Dead                   Necromancy                   4
   f - Control Undead                 Necromancy                   4
Comestibles
 c - a bread ration
 l - a chunk of flesh


   Skills:
 * Level 0.2 Fighting
 * Level 0.2 Armour
 * Level 2.1 Dodging
 * Level 2.7 Stealth
 * Level 0.2 Unarmed Combat
 * Level 2.4 Spellcasting
 + Level 4.2 Necromancy


You had 4 spell levels left.
You knew the following spells:

 Your Spells              Type           Power        Failure   Level  Hunger
a - Pain                  Necr           ##..         8%          1    #......
b - Animate Skeleton      Necr           N/A          8%          1    #......


Dungeon Overview and Level Annotations

Branches:
Dungeon (2/15)

Altars:


Innate Abilities, Weirdness & Mutations

You are under a permanent stasis effect.
You can dig through walls and to a lower floor.
Your four strong arms can wield two-handed weapons with a shield.
You have a pair of large antennae on your head (SInv).


Message History

Press: ? - help, Shift-Dir - straight line, f/p - goblin
Aim: a goblin, wielding a hunting sling (chance 83%)
The goblin convulses in agony!
Casting: Pain
Confirm with . or Enter, or press ? or * to list all spells.
Aiming: Pain
Press: ? - help, Shift-Dir - straight line, f/p - goblin
Aim: a goblin, wielding a hunting sling (heavily wounded, chance 83%)
The goblin barely resists.
The goblin shoots a stone.
The stone hits you.
* * * LOW HITPOINT WARNING * * *
The goblin shoots a stone.
The stone hits you.
* * * LOW HITPOINT WARNING * * *
Found 7 gold pieces.
Found a stone staircase leading down.
You see here a stone.
The goblin shoots a stone.
The stone closely misses you.
The stone barely misses your bat skeleton.
The goblin unwields an uncursed hunting sling.
The goblin wields an uncursed club.
The goblin hits you with an uncursed club.
You die...

#..........###.
..###..............
.............######
..#####......# ..
(............########....
.............((((......#
..........##....(.....##
..........###...Z.....#
.........## #...@.....#
................g..####
?#...........#.....$.#
.............#........#
.....................#
...............$... ...
..##>.....# . .####.#


You could see a goblin and a friendly bat skeleton.

Vanquished Creatures
  An adder (D:1)
  A giant gecko (D:1)
  2 hobgoblins
  3 bats
  A giant cockroach (D:1)
  2 giant newts (D:1)
  2 kobolds (D:1)
  A rat (D:1)
13 creatures vanquished.

Vanquished Creatures (collateral kills)
  A goblin (D:2)
1 creature vanquished.

Grand Total: 14 creatures vanquished

Notes
Turn   | Place    | Note
--------------------------------------------------------------
     0 | D:1      | Ryushun, the Formicid Necromancer, began the quest for the Orb.
     0 | D:1      | Reached XP level 1. HP: 13/13 MP: 3/3
    22 | D:1      | Learned a level 1 spell: Animate Skeleton
   881 | D:1      | Reached XP level 2. HP: 13/19 MP: 0/4
  1231 | D:2      | Reached XP level 3. HP: 21/24 MP: 1/5
  1265 | D:2      | Slain by a goblin

Action                   || total
-------------------------++-------
Melee: Unarmed           ||    14
       Short sword       ||     3
       Dagger            ||     2
 Cast: Pain              ||    20
       Animate Skeleton  ||     4
  Eat: Bread ration      ||     1
